 Dungeon Crawl Stone Soup version 0.18-a0-1776-gf4084f6 (webtiles) character file.

642 TheGoonsmith the Magician (level 7, -6/41 HPs)
             Began as an Octopode Wizard on Apr 16, 2016.
             Mangled by a worker ant (8 damage)
             ... on level 4 of the Dungeon.
             The game lasted 00:08:03 (3409 turns).

TheGoonsmith the Magician (Octopode Wizard)         Turns: 3409, Time: 00:08:04

Health: -6/41      AC:  4    Str: 12    XL:     7   Next: 51%
Magic:  19/22      EV: 12    Int: 21    God:
Gold:   144        SH:  0    Dex: 11    Spells: 4 memorised, 5 levels left

rFire  . . .     SeeInvis .     k - +1 whip (flame)
rCold  . . .     Gourm    .     (no shield)
rNeg   . . .     Faith    .     a - +0 hat
rPois  .         Spirit   .     (no amulet)
rElec  .         Dismiss  .     m - +3 ring of protection
rCorr  .         Reflect  .     n - ring of magical power
SustAt .         Harm     .     v - +5 ring of slaying
MR     .....                    (no ring)
Stlth  +++.......               (no ring)
                                (no ring)
                                (no ring)
                                (no ring)

@: mighty, lethally poisoned (-6 -> -13), repel missiles, invisible, not
resistant to hostile enchantments, fairly stealthy
A: almost no armour, amphibious, 8 rings, constrict 8, camouflage 1, gelatinous
body 1
a: no special abilities


You were on level 4 of the Dungeon.
You were hungry.

You visited 1 branch of the dungeon, and saw 4 of its levels.

You collected 144 gold pieces.

Inventory:

Hand Weapons
 e - a +0 club
 g - a +0 dagger
 k - a +1 whip of flaming (weapon)
Armour
 a - a +0 hat (worn)
Jewellery
 m - a +3 ring of protection (left tentacle)
 n - a ring of magical power (right tentacle)
 p - an uncursed ring of fire
 v - a +5 ring of slaying (on tentacle)
Scrolls
 l - 2 scrolls of remove curse
 r - a scroll of noise
 t - a scroll of magic mapping
 u - 3 scrolls of identify {unknown}
 x - a scroll of recharging {unknown}
 y - a scroll of enchant armour {unknown}
Potions
 i - a potion of brilliance
 o - a potion of ambrosia
 q - a potion of heal wounds {unknown}
 s - a potion of curing {unknown}
 w - a potion of lignification {unknown}
Books
 b - a book of Minor Magic

   Spells                             Type                      Level
   a - Magic Dart                     Conjuration                  1
   b - Blink                          Translocation                2
   c - Call Imp                       Summoning                    2
   d - Repel Missiles                 Charms/Air                   2
   e - Slow                           Hexes                        2
   f - Conjure Flame                  Conjuration/Fire             3
   g - Mephitic Cloud                 Conjuration/Poison/Air       3
Comestibles
 c - 3 bread rations
 f - a slice of pizza
 h - 2 fruits


   Skills:
 - Level 2.0 Dodging
 - Level 2.6 Stealth
 - Level 4.2 Spellcasting
 - Level 3.0 Conjurations
 - Level 3.5 Charms
   Level 1.0 Summonings
   Level 1.0 Translocations
 + Level 3.1 Fire Magic
 - Level 2.4 Air Magic
 - Level 3.1 Poison Magic


You had 5 spell levels left.
You knew the following spells:

 Your Spells              Type           Power        Failure   Level  Hunger
a - Magic Dart            Conj           ###.         3%          1    None
c - Conjure Flame         Conj/Fire      ###.....     12%         3    ###....
r - Repel Missiles        Chrm/Air       ###...       6%          2    #......
x - Mephitic Cloud        Conj/Pois/Air  ###.....     14%         3    ###....


Dungeon Overview and Level Annotations

Branches:
Dungeon (4/15)             Temple (0/1) D:4

Altars:
Dithmenos
Gozag
Pakellas
Qazlal
Ru


Innate Abilities, Weirdness & Mutations

You cannot wear most types of armour.
You are amphibious.
You can wear up to eight rings at the same time.
You can use your tentacles to constrict eight enemies at once.
Your skin changes colour to match your surroundings (Stealth).
Your rubbery body absorbs attacks (AC +1).


Message History

Confirm with . or Enter, or press ? or * to list all spells.
Aiming: Magic Dart
Press: ? - help, Shift-Dir - straight line, f/p - worker ant
Aim: a worker ant (almost dead)
The magic dart hits the worker ant.
The worker ant is almost dead.
You feel sick. The worker ant bites you.
* * * LOW HITPOINT WARNING * * *
You are lethally poisoned!
The worker ant poisons you!
Drink which item? (? for menu, Esc to quit)
It was a potion of might.
You feel very mighty all of a sudden. The worker ant barely misses you.
Drink which item? (? for menu, Esc to quit)
It was a potion of invisibility.
You fade into invisibility!
* * * LOW HITPOINT WARNING * * *
You feel sick. The worker ant bites you!
You die...

,,,,,,,,,,,*,#.._..#.#!._..# ##.#
,,,,,,,,,,,*,#.8...#.#...8.# #$.
,,,,,*****,,,*#...'#.#'...#** ##.
,,,,,* ***$.#####...#####.#***#
,,,,,** *........⌠....$...,* *
,,,,,,** *#.#####...#####..,* *
,,,,,,,**** *##..('#.#'...#*,,*
,,,,<,,,,,***#.8.a.#.#...8.#*,***
,******,,,*,,#..@..#.#.._..#*,,,,
** **,,,,,#.8.8.#.#.8.8.#*,,,,
**,*,,##...##.##...##*,,,,
*,*,,,#####...*#### *,,,,
*,,,,,,,,,*..#* *,,,,
**,,***,*,,...* *,,,,
**,,,*,*****,** *,,,, ***,,>*
*,,** *,,,,
****,,******,,*****,,,*


You could see a worker ant.

Vanquished Creatures
  Grinder (D:4)
  A phantom (D:4)
  3 ogres
  A worker ant (D:4)
  3 adders
  An ooze (D:2)
  2 worms
  A dart slug (D:3)
  6 giant geckos
  2 orcs
  6 bats
  6 giant cockroaches
  11 goblins
  4 hobgoblins
  2 ball pythons
  4 giant newts
  7 kobolds
  7 rats
68 creatures vanquished.

Notes
Turn   | Place    | Note
--------------------------------------------------------------
     0 | D:1      | TheGoonsmith the Octopode Wizard began the quest for the Orb.
     0 | D:1      | Reached XP level 1. HP: 11/11 MP: 4/4
   183 | D:1      | Reached XP level 2. HP: 17/17 MP: 0/6
   569 | D:1      | Reached XP level 3. HP: 19/21 MP: 2/7
   963 | D:2      | Learned a level 3 spell: Mephitic Cloud
   967 | D:2      | Learned a level 3 spell: Conjure Flame
   980 | D:2      | Reached skill level 1 in Poison Magic
  1397 | D:2      | Reached XP level 4. HP: 27/27 MP: 8/8
  1420 | D:2      | Reached skill level 1 in Air Magic
  2107 | D:3      | Noticed an ogre
  2120 | D:3      | Killed an ogre
  2120 | D:3      | Reached XP level 5. HP: 31/31 MP: 5/9
  2449 | D:3      | Found a stormy altar of Qazlal.
  2451 | D:3      | Noticed a water elemental
  2451 | D:3      | Noticed an air elemental
  2451 | D:3      | Noticed a fire elemental
  2890 | D:4      | Noticed an ogre
  2893 | D:4      | Noticed a phantom
  2909 | D:3      | Killed an ogre
  2909 | D:3      | Reached skill level 4 in Spellcasting
  2909 | D:3      | Reached XP level 6. HP: 6/36 MP: 8/12
  3156 | D:3      | Learned a level 2 spell: Repel Missiles
  3213 | D:4      | Reached skill level 1 in Charms
  3232 | D:4      | Killed a phantom
  3238 | D:4      | Reached XP level 7. HP: 28/41 MP: 2/13
  3366 | D:4      | Found a sacrificial altar of Ru.
  3373 | D:4      | Found a shadowy altar of Dithmenos.
  3378 | D:4      | Found an oddly glowing altar of Pakellas.
  3382 | D:4      | Found an opulent altar of Gozag.
  3382 | D:4      | Noticed Grinder
  3399 | D:4      | Paralysed by Grinder for 3 turns
  3402 | D:4      | Killed Grinder
  3409 | D:4      | HP: 2/41 [poisoned by a worker ant]
  3409 | D:4      | Mangled by a worker ant

Vault maps used:
D:1:      tarquinn_simple_flora_water_b
D:2:      amethyst_killhole, kennysheep_crisscross, corexii_leaking_fountain
D:3:      first_bread, hangedman_decor_growths, nicolae_qazlal_style_of_elements
D:4:      grunt_temple_overflow_bloody_war, lemuel_doored_altar,
          grunt_temple_overflow_cloverleaf, temple_statues, uniq_grinder

Skill      XL: |  1  2  3  4  5  6  7 |
---------------+----------------------+-----
Conjurations   | 2 3 |  3.0
Poison Magic   | 2 3 |  3.1
Air Magic      | 2 |  2.4
Spellcasting   | 4 |  4.2
Charms         | 3 |  3.5
Fire Magic     | 3 |  3.1
Dodging        | |  2.0
Stealth        | |  2.6
Summonings     | |  1.0
Translocations | |  1.0

Action                   |  1- 3 |  4- 6 |  7- 9 || total
-------------------------+-------+-------+-------++-------
Melee: Dagger            |     1 |       |       ||     1
       Whip              |     5 |    17 |     8 ||    30
       Constrict         |     2 |     4 |     1 ||     7
       Tentacles         |       |     5 |     1 ||     6
 Cast: Magic Dart        |    95 |    88 |    17 ||   200
       Mephitic Cloud    |       |     5 |       ||     5
       Repel Missiles    |       |     1 |       ||     1
  Use: Scroll            |       |     3 |       ||     3
       Potion            |       |     1 |     3 ||     4
  Eat: Chunk             |     1 |     6 |       ||     7
Armor: Skin              |     2 |     4 |     4 ||    10
Dodge: Dodged            |    10 |    12 |    12 ||    34
